[ AOE2 MATCH · #504530654 ]
UnrankedPersians vs Italians
Player's team · LOSS
Rival team · WIN
[ REPLAY ANALYSIS · EXTRACTED FROM THE RECORDED GAME ]
Feudal
8:10
Castle
—
Imperial
—
| APM avg | 51.2 |
| APM peak | 80 |
| eAPM avg | 22.5 |
| Villagers / military | 24 / 3 |
Focus
⚔️ 39.9% · 🌾 60.1%
Scout Cavalry ×2 · Spearman ×1
Feudal
9:20
Castle
—
Imperial
—
| APM avg | 67.3 |
| APM peak | 91 |
| eAPM avg | 17.8 |
| Villagers / military | 18 / 5 |
Focus
⚔️ 14.8% · 🌾 85.2%
Militia ×5
Match map
Initial resources + every placement click. Lines = walls · curves = elevation contours. ◆ gold · ⬟ stone · ● berries · ✦ relic · ◌ wall gap
Your base
游戏而已's base
Smoothed initial terrain · ◌ = detected wall gap · hover for details
Inputs per minute
— Fabrizio 094455 - - 游戏而已
Build order — Fabrizio 094455
52 actions detected in the replay
| 0:03 | Build | House |
| 0:03 | Create | Villager (Male) |
| 0:04 | Create | Villager (Male) |
| 0:04 | Create | Villager (Male) |
| 0:05 | Build | House |
| 0:07 | Create | Villager (Male) |
| 0:11 | Create | Villager (Male) |
| 1:24 | Create | Villager (Male) |
| 1:24 | Create | Villager (Male) |
| 1:43 | Build | Lumber Camp |
| 1:55 | Create | Villager (Male) |
| 1:55 | Create | Villager (Male) |
| 2:19 | Create | Villager (Male) |
| 2:49 | Create | Villager (Male) |
| 2:49 | Create | Villager (Male) |
| 2:56 | Build | House |
| 3:05 | Create | Villager (Male) |
| 3:25 | Build | Palisade Wall |
| 3:38 | Create | Villager (Male) |
| 4:13 | Create | Villager (Male) |
| 4:13 | Create | Villager (Male) |
| 4:13 | Create | Villager (Male) |
| 4:54 | Build | Mill |
| 4:57 | Create | Villager (Male) |
| 5:01 | Research | Loom |
| 6:06 | Research | Feudal Age |
| 6:20 | Build | Lumber Camp |
| 7:17 | Build | House |
| 7:45 | Build | Barracks |
| 7:51 | Build | Palisade Wall |
| 8:06 | Create | Villager (Male) |
| 8:10 | Age | Feudal Age |
| 8:33 | Create | Villager (Male) |
| 8:46 | Build | Stable |
| 8:55 | Create | Villager (Male) |
| 9:05 | Build | House |
| 9:18 | Create | Villager (Male) |
| 9:25 | Build | Farm |
| 9:26 | Create | Scout Cavalry |
| 9:26 | Create | Scout Cavalry |
| 9:29 | Create | Spearman |
| 9:34 | Build | Palisade Wall |
| 9:36 | Build | Palisade Wall |
| 9:36 | Build | Palisade Wall |
| 9:43 | Build | Farm |
| 9:46 | Build | Palisade Wall |
| 9:47 | Build | Palisade Wall |
| 9:56 | Build | House |
| 10:05 | Create | Villager (Male) |
| 10:13 | Create | Villager (Male) |
| 10:23 | Build | Palisade Wall |
| 10:25 | Build | Palisade Wall |
Build order — 游戏而已
43 actions detected in the replay
| 0:00 | Create | Villager (Male) |
| 0:02 | Build | House |
| 0:05 | Build | House |
| 0:27 | Create | Villager (Male) |
| 0:28 | Create | Villager (Male) |
| 0:28 | Create | Villager (Male) |
| 0:28 | Create | Villager (Male) |
| 1:37 | Create | Villager (Male) |
| 2:01 | Create | Villager (Male) |
| 2:19 | Build | House |
| 2:28 | Create | Villager (Male) |
| 2:49 | Create | Villager (Male) |
| 2:54 | Build | Lumber Camp |
| 3:09 | Create | Villager (Male) |
| 3:42 | Create | Villager (Male) |
| 4:37 | Create | Villager (Male) |
| 4:48 | Create | Villager (Male) |
| 5:17 | Create | Villager (Male) |
| 5:43 | Create | Villager (Male) |
| 6:16 | Create | Villager (Male) |
| 6:20 | Build | Barracks |
| 6:40 | Research | Loom |
| 7:01 | Build | House |
| 7:10 | Research | Feudal Age |
| 7:11 | Research | Feudal Age |
| 7:14 | Create | Militia |
| 7:14 | Create | Militia |
| 7:14 | Create | Militia |
| 7:14 | Create | Militia |
| 7:59 | Create | Militia |
| 8:13 | Build | Mill |
| 8:42 | Build | House |
| 8:44 | Build | Palisade Wall |
| 9:03 | Create | Villager (Male) |
| 9:16 | Build | Mining Camp |
| 9:20 | Age | Feudal Age |
| 9:51 | Research | Man-at-Arms (upgrade) |
| 10:09 | Create | Villager (Male) |
| 10:12 | Build | House |
| 10:13 | Build | Palisade Wall |
| 10:19 | Build | Farm |
| 10:20 | Build | Farm |
| 10:25 | Research | Double-Bit Axe |
Match timeline
| 3:25 | Fabrizio 094455 · wall_segment Palisade Wall x10 |
| 6:20 | 游戏而已 · first_building Barracks |
| 7:45 | Fabrizio 094455 · first_building Barracks |
| 7:51 | Fabrizio 094455 · wall_segment Palisade Wall x1 |
| 8:10 | Fabrizio 094455 · age_up feudal |
| 8:44 | 游戏而已 · wall_segment Palisade Wall x8 |
| 8:46 | Fabrizio 094455 · first_building Stable |
| 9:20 | 游戏而已 · age_up feudal |
| 9:34 | Fabrizio 094455 · wall_segment Palisade Wall x1 |
| 9:36 | Fabrizio 094455 · wall_segment Palisade Wall x1 |
| 9:36 | Fabrizio 094455 · wall_segment Palisade Wall x1 |
| 9:46 | Fabrizio 094455 · wall_segment Palisade Wall x1 |
| 9:47 | Fabrizio 094455 · wall_segment Palisade Wall x1 |
| 10:13 | 游戏而已 · wall_segment Palisade Wall x5 |
| 10:23 | Fabrizio 094455 · wall_segment Palisade Wall x6 |
| 10:25 | Fabrizio 094455 · wall_segment Palisade Wall x1 |
| 10:51 | Fabrizio 094455 · resign |
[ AI ANALYSIS · 1 CREDIT ]
What really happened in this match?
Wolo.gg analyzes every decision: build order, eco, micro, common mistakes by bracket. Personalized analysis on WhatsApp or Discord in 30 seconds.
Civ guide
Persians
Perfil
Jugador #5843090